 Dungeon Crawl Stone Soup version 0.27.1 (webtiles) character file.

Game seed: 8374074494034431507

16 shadowrider38 the Sneak (level 2, 0/19 HPs)
             Began as a Vampire Enchanter on Aug 27, 2021.
             Killed from afar by a dart slug (6 damage)
             ... with a slug dart
             ... on level 1 of the Dungeon.
             The game lasted 00:02:31 (911 turns).

shadowrider38 the Sneak (Vampire Enchanter)          Turns: 911, Time: 00:02:31

Health: 0/19       AC:  2    Str:  7    XL:     2   Next: 41%
Magic:  5/5        EV: 12    Int: 17    God:
Gold:   64         SH:  0    Dex: 14    Spells: 4/5 levels left

rFire    . . .     SeeInvis +   a - +1 dagger
rCold    . . .     Faith    .   (no shield)
rNeg     . . .     Spirit   .   b - +0 robe
rPois    .         Reflect  .   (no helmet)
rElec    .         Harm     .   (no cloak)
rCorr    .         Rampage  .   (no gloves)
Will     .....                  (no boots)
Stlth    +++.......             (no amulet)
HPRegen  0.26/turn              (no ring)
MPRegen  0.09/turn              (no ring)

@: healing quickly
A: alive, fangs 3, see invisible, vampiric 1
a: Exsanguinate


You were on level 1 of the Dungeon.
You visited 1 branch of the dungeon, and saw 1 of its levels.

You collected 64 gold pieces.

Inventory:

Hand Weapons
 a - a +1 dagger (weapon)
Missiles
 c - 39 stones
Armour
 b - a +0 robe (worn)
Scrolls
 e - 2 scrolls of teleportation {unknown}
 f - a scroll of amnesia {unknown}
 g - 3 scrolls of enchant weapon {unknown}
Potions
 d - 2 potions of curing {unknown}


   Skills:
 - Level 1.1 Short Blades
 - Level 2.1 Dodging
 + Level 5.2 Stealth
 - Level 2.0 Spellcasting
 + Level 5.0 Hexes


You had 4 spell levels left.
You knew the following spells:

 Your Spells              Type           Power      Damage    Failure   Level
a - Corona                Hex            21%        N/A       2%          1

Your spell library contained the following spells:

 Spells                   Type           Power      Damage    Failure   Level
 Confusing Touch          Hex            19%        N/A       7%          3
 Tukima's Dance           Hex            19%        N/A       7%          3
 Ensorcelled Hibernation  Hex/Ice        20%        N/A       11%         2
 Dazzling Flash           Conj/Hex       20%        N/A       21%         3


Dungeon Overview and Level Annotations

Branches:
Dungeon (1/15)

Altars:

Shops:
D:1 (


Innate Abilities, Weirdness & Mutations

Your natural rate of healing is accelerated.
You have razor-sharp teeth.
You have supernaturally acute eyesight. (SInv)
You are afflicted with vampirism.


Message History

The ball python is severely wounded.
The ball python barely misses you. The ball python constricts you.
You hit the ball python but do no damage.
The ball python is severely wounded.
The ball python bites you. The ball python constricts you.
You hit the ball python.
You kill the ball python!
No target in view!
No target in view!
No target in view!
Found 11 gold pieces.
You now have 64 gold pieces (gained 11).
An endoplasm comes into view.
An endoplasm is nearby!
An endoplasm is nearby!
An endoplasm is nearby!
An endoplasm is nearby!
A dart slug comes into view.
The endoplasm quivers.
The endoplasm hits you.
You barely miss the endoplasm. The endoplasm freezes you.
You are frozen.
You hit the dart slug but do no damage. The dart slug launches a dart at you.
The slug dart hits you. The endoplasm closely misses you.
You hit the dart slug.
You bite the dart slug, but do no damage.
The dart slug is moderately wounded.
The endoplasm barely misses you.
You hit the dart slug.
The dart slug is moderately wounded.
The dart slug bites you. The endoplasm freezes you.
You are frozen.
You are too injured to fight recklessly!
You are too injured to fight recklessly!
The dart slug launches a dart at you. The slug dart hits you.
You die...

### ##########
############.# #≈≈≈≈≈≈≈≈≈
.............########
#≈≈≈≈≈≈≈≈≈
##########...........
#≈≈≈≈≈≈≈≈≈ #.#.#########
#≈≈≈≈≈≈≈≈≈
#.#.#######.#.#≈≈≈≈≈...≈
...#.#.#....w....#≈≈≈≈..<..
...........@.J....#≈≈≈≈≈...≈
..#.#.#.#.#####...#≈≈≈≈≈≈≈≈≈
#.#.#.# .#≈≈≈≈≈≈≈≈≈ # #.#.#
#≈≈≈≈≈≈≈≈≈ #.#.# #≈≈≈≈≈≈≈≈≈
#.#.# #≈≈≈≈≈≈≈≈≈ #....
#≈≈≈≈≈≈≈≈≈ ###.# #≈≈≈≈≈≈≈≈≈
l>. #≈≈≈≈≈≈≈≈≈


You could see a dart slug and an endoplasm.

Vanquished Creatures
  A dart slug (D:1)
  2 endoplasms (D:1)
  A giant cockroach (D:1)
  A hobgoblin (D:1)
  A quokka (D:1)
  2 ball pythons (D:1)
  2 bats (D:1)
  2 goblins (D:1)
  A rat (D:1)
13 creatures vanquished.

Notes
Turn   | Place    | Note
-------+----------+-------------------------------------------
     0 | D:1      | shadowrider38 the Vampire Enchanter began the quest for the
                  | Orb.
     0 | D:1      | Reached XP level 1. HP: 13/13 MP: 3/3
   266 | D:1      | Found Zociuc's Weapon Shop.
   523 | D:1      | Found a faded altar of an unknown god.
   529 | D:1      | Reached skill level 5 in Stealth
   529 | D:1      | Reached XP level 2. HP: 7/19 MP: 5/5
   765 | D:1      | Reached skill level 5 in Hexes
   911 | D:1      | Killed from afar by a dart slug

Illustrated notes

Levels and vault maps discovered:
D:1:      zaba_arrival_water, layout_basic, serial_shops, nicolae_shop_stone,
          hellmonk_ecumenical_altar_lost_god

Skill      XL: |  1  2 |
---------------+-------+-----
Stealth        | 5 |  5.2
Hexes          | 5 |  5.0
Short Blades   | |  1.1
Dodging        | |  2.1
Spellcasting   | |  2.0

Action                   || total
-------------------------++-------
Melee: Dagger            ||    60
       Bite              ||     4
 Stab: Sleeping          ||     3
Armor: Robe              ||    10
Dodge: Dodged            ||    30
